 Dungeon Crawl Stone Soup version 0.30-a0-860-g512cf1e979 (webtiles) character file.

Game seed: 6699905090613853974

8375 jasper the Cleaver (level 11, -1/87 HPs)
             Began as a Demonspawn Delver on Mar 7, 2023.
             Was an Elder of Makhleb.
             Slain by a catoblepas (5 damage)
             ... on level 9 of the Dungeon.
             The game lasted 00:18:41 (10889 turns).

jasper the Cleaver (Demonspawn Delver)             Turns: 10889, Time: 00:18:41

Health: -1/87      AC: 18    Str: 17    XL:     11   Next: 9%
Magic:  16/16      EV: 10    Int: 12    God:    Makhleb [****..]
Gold:   575        SH:  4    Dex: 20    Spells: 10/10 levels left

rFire   . . .      SeeInvis .    G - +4 battleaxe (freeze)
rCold   . . .      Faith    .    (shield currently unavailable)
rNeg    . . .      Spirit   .    q - +0 scale mail
rPois   .          Reflect  .    D - +1 hat
rElec   .          Rampage  .    f - +2 cloak
rCorr   +                        z - +0 pair of gloves
Will    .....                    F - +1 pair of boots
Stlth   ++                       (no amulet)
HPRegen 0.34/turn                h - ring of resist corrosion
MPRegen 0.15/turn                K - +6 ring of dexterity

@: about to teleport
A: antennae 1, molten scales 2, powered by pain 1, condensation shield
a: Renounce Religion, Minor Destruction, Lesser Servant of Makhleb, Major
Destruction


You were on level 9 of the Dungeon.
You worshipped Makhleb.
Makhleb was greatly pleased with you.
You visited 2 branches of the dungeon, and saw 10 of its levels.

You collected 715 gold pieces.
You spent 140 gold pieces at shops.

Inventory:

Hand Weapons
 a - a +0 hand axe
 y - a +1 hand axe of freezing
 A - a +0 eveningstar
 G - a +4 battleaxe of freezing (weapon)
 L - a +1 battleaxe
Missiles
 t - 89 stones
 v - a throwing net
 C - 5 boomerangs (quivered)
Armour
 b - a +0 leather armour
 f - a +2 cloak (worn)
 m - a +0 pair of boots
 p - a +0 ring mail
 q - a +0 scale mail (worn)
 x - a +0 chain mail
 z - a +0 pair of gloves (worn)
 D - a +1 hat (worn)
 F - a +1 pair of boots (worn)
 I - a +0 tower shield
 R - a +0 pair of gloves
Jewellery
 h - a ring of resist corrosion (left hand)
 k - an amulet of faith
 K - a +6 ring of dexterity (right hand)
 M - a +6 ring of strength
Wands
 g - a wand of digging (3)
 Q - a wand of polymorph (3)
Scrolls
 c - 4 scrolls of fog
 j - a scroll of noise
 r - 2 scrolls of butterflies
 u - 6 scrolls of magic mapping
 B - 2 scrolls of teleportation
 O - a scroll of immolation {unknown}
 P - a scroll of identify
Potions
 d - 2 potions of flight
 e - a potion of degeneration {unknown}
 i - 2 potions of attraction
 l - 2 potions of curing
 n - a potion of might
 o - a potion of magic
 s - a potion of lignification {unknown}
 w - a potion of cancellation {unknown}
 E - a potion of berserk rage
 H - 2 potions of mutation {unknown}
 N - 2 potions of haste


   Skills:
 + Level 8.8 Fighting
 * Level 10.8 Axes
 + Level 7.2 Armour
 - Level 1.7 Dodging
 - Level 4.5 Stealth
 - Level 7.2 Invocations


You had 10 spell levels left.
You didn't know any spells.
Your spell library contained the following spells:

 Spells                   Type           Power      Damage    Failure   Level
 Apportation              Tloc           0%         N/A       67%         1
 Necrotise                Necr           0%         1d4       67%         1
 Slow                     Hex            0%         N/A       67%         1
 Summon Small Mammal      Summ           0%         N/A       67%         1
 Sublimation of Blood     Necr           0%         N/A       82%         2
 Wereblood                Tmut           0%         N/A       82%         2
 Confusing Touch          Hex            0%         N/A       96%         3
 Hailstorm                Conj/Ice       0%         3d3       96%         3
 Vampiric Draining        Necr           0%         2d6       96%         3
 Ice Form                 Ice/Tmut       0%         N/A       100%        4
 Leda's Liquefaction      Hex/Erth       0%         N/A       100%        4
 Lee's Rapid Deconstruct  Erth           0%         3d4*      100%        5
 Simulacrum               Ice/Necr       0%         N/A       100%        6
 Statue Form              Tmut/Erth      0%         N/A       100%        6
 Summon Hydra             Summ           0%         N/A       100%        7


Dungeon Overview and Level Annotations

Branches:
Dungeon (9/15)             Temple (1/1) D:5            Lair (0/5) D:8
    Orc: D:9-12

Altars:
Ashenzari
Cheibriados
Dithmenos
Fedhas
Gozag
Kikubaaqudgha
Makhleb
Nemelex Xobeh
Ru
Trog
Vehumet
Xom
Yredelemnul

Shops:
D:6 [!=


Innate Abilities, Weirdness & Mutations

You have a pair of small antennae on your head.
You are mostly covered in molten scales. (AC +3)
You sometimes gain a little power by taking damage.
A meltable shield of frost defends you. (SH +4)


Message History

The catoblepas closely misses you.
You slash the catoblepas! You freeze the catoblepas.
The catoblepas is lightly wounded.
The catoblepas gores you!!
You take 21 damage, and have 43/87 hp.
MASSIVE DAMAGE!!
You slice the catoblepas!! You freeze the catoblepas.
The catoblepas is heavily wounded.
The catoblepas misses you.
The catoblepas gores you but does no damage.
You slash the catoblepas! You freeze the catoblepas.
The catoblepas is severely wounded.
The catoblepas breathes a plume of calcifying dust at you.
The blast of calcifying dust hits you but does no damage.
The catoblepas closely misses you.
You hit the catoblepas. You freeze the catoblepas.
The catoblepas is severely wounded.
The catoblepas gores you!
You take 17 damage, and have 27/87 hp.
You hit the catoblepas but do no damage.
The catoblepas is severely wounded.
The catoblepas breathes a plume of calcifying dust at you.
The blast of calcifying dust hits you but does no damage.
The catoblepas gores you!!
* * * LOW HITPOINT WARNING * * *
You take 23 damage, and have 5/87 hp.
MASSIVE DAMAGE!!
Okay, then.
As you read the scroll of fear, it crumbles to dust.
You assume a fearsome visage.
The catoblepas resists with almost no effort.
The catoblepas gores you but does no damage.
Okay, then.
As you read the scroll of teleportation, it crumbles to dust.
You feel strangely unstable.
The catoblepas breathes a plume of calcifying dust at you.
The blast of calcifying dust hits you.
* * * LOW HITPOINT WARNING * * *
You take 1 damage, and have 4/87 hp.
The catoblepas attacks as you move away!
The catoblepas gores you.
You die...

#
#....##...#...#...##
# ##..###......##...#
# #..#.#......#))).#
# #..#.#...####....#
# #....#####.......#
#.....#.........##
#######..##.........#
.....##..###.§.§§Y.##
####.##....#....@..#
####.##.#####..§..##
#...........##§..###
#.##.##.###........##
# #.##.# ########.§##
#.##.# ##.§## .
#.##.# ##..# ...
.....# ##.##≈≈..Y
#.#### #...Y...#


You could see a catoblepas.

Vanquished Creatures
  Erica (D:8)
  A rime drake (D:8)
  A troll (D:9)
  A hornet (D:8)
  15 yaks
  Eustachio (D:6)
  2 steam dragons (D:7)
  A water moccasin (D:9)
  7 ice beasts
  4 black bears
  2 orc warriors
  A sky beast (D:7)
  An ogre (D:5)
  2 wolves (D:8)
  A phantom (D:7)
  A kobold brigand (D:8)
  3 bullfrogs
  A gnoll sergeant (D:6)
  3 scorpions
  6 wights
  10 killer bees
  4 howler monkeys
  4 hounds
  3 gnoll boudas
  5 orc priests
  5 jellies
  5 iguanas
  A sleepcap (D:5)
  12 orc wizards
  11 gnolls
  4 adders
  4 shadow imps
  A white imp (D:5)
  2 ufetubi
  3 worms
  A dart slug (D:3)
  39 orcs
  2 bats (D:2)
  2 endoplasms
  2 giant cockroaches (D:1)
  4 hobgoblins
  4 jackals
  4 quokkas
  7 ball pythons
  2 frilled lizards
  6 goblins
  8 kobolds
  5 rats
215 creatures vanquished.

Vanquished Creatures (collateral kills)
  A vampire (D:9)
  An orc wizard (D:9)
  2 orcs (D:9)
4 creatures vanquished.

Vanquished Creatures (others)
  A killer bee (D:7)
  An orc (D:7)
  2 fungi (D:1)
4 creatures vanquished.

Grand Total: 223 creatures vanquished

Notes
Turn   | Place    | Note
-------+----------+-------------------------------------------
     0 | D:5      | jasper the Demonspawn Delver began the quest for the Orb.
     0 | D:5      | Reached XP level 1. HP: 18/18 MP: 1/1
     3 | D:5      | Noticed a jelly
   141 | D:3      | Reached skill level 2 in Axes
   222 | D:3      | Noticed an orc wizard
   296 | D:1      | Gained mutation: A meltable shield of frost defends you.
                  | (SH +4) [demonic ancestry]
   296 | D:1      | Reached XP level 2. HP: 21/24 MP: 2/2
  1229 | D:1      | Found a faded altar of an unknown god.
  2002 | D:2      | HP: 1/24 [worm (8)]
  2113 | D:2      | Gained mutation: You have a pair of small antennae on your
                  | head. [demonic ancestry]
  2113 | D:2      | Reached XP level 3. HP: 29/29 MP: 3/3
  2771 | D:2      | Reached skill level 3 in Axes
  2835 | D:3      | Reached XP level 4. HP: 11/36 MP: 4/4
  3008 | D:3      | Reached skill level 1 in Armour
  3609 | D:4      | Noticed a scorpion
  3843 | D:4      | Reached XP level 5. HP: 31/42 MP: 5/5
  3886 | D:4      | Noticed a black bear
  4061 | D:5      | Reached skill level 4 in Axes
  4096 | D:5      | Found a staircase to the Ecumenical Temple.
  4108 | Temple   | Entered the Ecumenical Temple
  4285 | Temple   | Became a worshipper of Makhleb the Destroyer
  4314 | D:5      | Noticed a black bear
  4399 | D:5      | Reached XP level 6. HP: 47/48 MP: 6/6
  4675 | D:5      | Reached skill level 5 in Axes
  4734 | D:4      | Reached XP level 7. HP: 37/55 MP: 7/7
  4863 | D:4      | Reached skill level 5 in Fighting
  5032 | D:4      | Identified the +1 hat of Miracles {rC- Str+7}
  5807 | D:5      | Reached skill level 6 in Axes
  6069 | D:6      | Reached * piety under Makhleb
  6073 | D:6      | Gained mutation: You are partially covered in molten
                  | scales. (AC +2) [demonic ancestry]
  6073 | D:6      | Reached XP level 8. HP: 61/63 MP: 8/8
  6352 | D:6      | Found Jajoisch's Distillery.
  6433 | D:6      | Reached skill level 7 in Axes
  6511 | D:6      | Bought a potion of berserk rage for 70 gold pieces
  6511 | D:6      | Bought a potion of berserk rage for 70 gold pieces
  6610 | D:6      | Found Inoqelea's Armour Emporium.
  6704 | D:6      | Found Esanob's Jewellery Shop.
  6866 | D:6      | Noticed Eustachio
  6883 | D:6      | Killed Eustachio
  7285 | D:7      | Reached ** piety under Makhleb
  7387 | D:7      | Found a sacrificial altar of Ru.
  7412 | D:7      | Reached skill level 5 in Armour
  7412 | D:7      | Gained mutation: You sometimes gain a little power by
                  | taking damage. [demonic ancestry]
  7412 | D:7      | Reached XP level 9. HP: 69/71 MP: 9/9
  7416 | D:7      | Reached skill level 8 in Axes
  7612 | D:7      | Found a blossoming altar of Fedhas.
  8154 | D:7      | Reached skill level 9 in Axes
  8329 | D:8      | Reached XP level 10. HP: 76/80 MP: 10/10
  8413 | D:8      | Reached *** piety under Makhleb
  8978 | D:8      | Noticed Erica
  8989 | D:8      | Killed Erica
  8990 | D:8      | Reached skill level 5 in Invocations
  9046 | D:8      | Found a staircase to the Lair.
  9144 | D:8      | Reached skill level 10 in Axes
  9952 | D:9      | Found an opulent altar of Gozag.
 10262 | D:9      | Found a broken altar of Ashenzari.
 10391 | D:9      | Reached **** piety under Makhleb
 10392 | D:9      | Gained mutation: You are mostly covered in molten scales.
                  | (AC +3) [demonic ancestry]
 10392 | D:9      | Reached XP level 11. HP: 85/87 MP: 16/16
 10854 | D:9      | Noticed a catoblepas
 10888 | D:9      | HP: 4/87 [catoblepas/blast of calcifying dust (2)]
 10889 | D:9      | Slain by a catoblepas

Illustrated notes

Levels and vault maps discovered:
D:1:      minmay_arrival_loop, layout_basic, shapermc_ecumenical_altar_petra
D:2:      layout_basic
D:3:      layout_basic
D:4:      layout_loops_cross
D:5:      layout_rooms, minmay_temple_entry_arrows
D:6:      layout_loops_ring, mainiacjoe_overflow_alcove_2, serial_shops,
          nicolae_shop_advertising_works [nicolae_subvault_shop_adworks],
          nicolae_stop_n_shop_1, shop, uniq_eustachio
D:7:      layout_rooms, kennysheep_mini, mainiacjoe_overflow_small_starburst
D:8:      layout_loops_corners, hellmonk_lair_entry_icy, uniq_erica
D:9:      kennysheep_spiral_hall, layout_loops_cross, overflow_temple_1_default,
          nicolae_uskayaw_suspiria, lemuel_coloured_pillars_altar
Temple:   compressed_dpeg_circular_temple

Skill      XL: |  1  2  3  4  5  6  7  8  9 10 |
---------------+-------------------------------+-----
Axes           | 2 3 4 5 6 7 9 10 | 10.8
Armour         | 1 2 3 5 6 7 |  7.2
Fighting       | 4 5 6 7 8 |  8.8
Invocations    | 7 |  7.2
Dodging        | |  1.7
Stealth        | |  4.5

Action                     |  1- 3 |  4- 6 |  7- 9 | 10-12 || total
---------------------------+-------+-------+-------+-------++-------
  Melee: Hand axe          |    77 |   134 |   264 |       ||   475
         Punch             |     1 |     1 |     5 |       ||     7
         Battleaxe         |       |       |    80 |   180 ||   260
  Throw: Boomerang         |    42 |    31 |    54 |    32 ||   159
         Stone             |       |     9 |       |       ||     9
 Invoke: Lesser Servant of |       |       |       |     2 ||     2
  Evoke: Wand              |       |     1 |     8 |     1 ||    10
    Use: Scroll            |     7 |     2 |     7 |     3 ||    19
         Potion            |     1 |     1 |     1 |     2 ||     5
   Stab: Sleeping          |     2 |       |       |       ||     2
 Armour: Leather armour    |     2 |       |       |       ||     2
         Ring mail         |    11 |    25 |    93 |       ||   129
         Scale mail        |       |       |   101 |   104 ||   205
  Dodge: Dodged            |    39 |    63 |   205 |    76 ||   383
  Block: Other             |    14 |    27 |    57 |    21 ||   119

Table legend: (Time is in decaauts)
 A = Elapsed time spent in this place.
 B = Non-inter-level travel time spent in this place.
 C = Inter-level travel time spent in this place.
 D = Time resting spent in this place.
 E = Time spent auto-exploring this place.
 F = Levels seen in this place.
 G = Mean time per level.
                   A        B        C        D        E       F      G
               +--------+--------+--------+--------+--------+-----+--------+
         Total |  11016 |  10399 |    617 |   1169 |   6983 |  10 | 1101.6 |
       Dungeon |  10683 |  10080 |    603 |   1032 |   6866 |   9 | 1187.0 |
        Temple |    333 |    319 |     14 |    137 |    117 |   1 |  333.0 |
               +--------+--------+--------+--------+--------+-----+--------+

Top non-repeatable levels by time:
     D:8: 1570 daAuts
     D:2: 1489 daAuts
     D:6: 1214 daAuts
     D:4: 1171 daAuts
     D:9: 1137 daAuts
     D:1: 1112 daAuts
     D:3: 1073 daAuts
     D:7: 1055 daAuts
     D:5: 858 daAuts
  Temple: 333 daAuts
